TOP OF THE 1ST |
Eugene Emeralds batting - Pitching for Salem-Keizer Volcanoes : RHP Chong-hun Park
|
Pitching: RHP Chong-hun Park
|
|
Batting: RHB Hugo Torrez
|
0-0: Ball 1-0: Foul Ball, location: 2F 1-1: Swinging Strike 1-2: Strikes out swinging
|
Batting: RHB Dustin Goldsborough
|
0-0: Swinging Strike 0-1: Called Strike 0-2: Foul Ball, location: 2F 0-2: Foul Ball, location: 2F 0-2: Ball 1-2: Strikes out swinging
|
Batting: RHB Jorge Lagunas
|
0-0: Ball 1-0: Ball 2-0: Fly out, F9 (Flyball, 89S, EV 90.0 MPH)
|
Top of the 1st over - 0 runs, 0 hits, 0 errors, 0 left on base; Eugene 0 - Salem-Keizer 0 |
BOTTOM OF THE 1ST |
Salem-Keizer Volcanoes batting - Pitching for Eugene Emeralds : RHP Jose Mata
|
Pitching: RHP Jose Mata
|
|
Batting: LHB Joe Hoover
|
0-0: DOUBLE (Flyball, 7LD, EV 106.9 MPH)
|
Batting: LHB Tom Reynolds
|
0-0: Ball Joe Hoover steals 3rd, throwing error, E2 Joe Hoover scores 1-0: Ball 2-0: Ball 3-0: Base on Balls
|
Batting: LHB Ben Radach
|
0-0: Ball 1-0: Ball 2-0: 2-RUN HOME RUN (Line Drive, 9LD, EV 98.1 MPH), Distance : 364 ft
|
Batting: LHB Mike Sammons
|
0-0: Ball 1-0: Ball 2-0: Foul Ball, location: 2F 2-1: Called Strike 2-2: Foul Ball, location: 2F 2-2: Fly out, F8 (Flyball, 8LS, EV 81.9 MPH)
|
Batting: RHB Mario Saez
|
0-0: Ball 1-0: Ball 2-0: Ball 3-0: Base on Balls
|
Batting: LHB Adrian Navarro
|
0-0: Ball 1-0: Called Strike 1-1: Swinging Strike 1-2: Ball 2-2: Strikes out looking
|
Batting: LHB Chris Raymond
|
0-0: Called Strike 0-1: Ball Passed Ball! Mario Saez to second 1-1: Ball 2-1: Foul Ball, location: 2F 2-2: Strikes out swinging
|
Bottom of the 1st over - 3 runs, 2 hits, 1 error, 1 left on base; Eugene 0 - Salem-Keizer 3 |
TOP OF THE 2ND |
Eugene Emeralds batting - Pitching for Salem-Keizer Volcanoes : RHP Chong-hun Park
|
Batting: RHB Bartolo Aguilar
|
0-0: Foul Ball, location: 2F 0-1: Swinging Strike 0-2: Ball 1-2: Strikes out swinging
|
Batting: RHB Mike Larson
|
0-0: Ball 1-0: Called Strike 1-1: Ball 2-1: Swinging Strike 2-2: Strikes out swinging
|
Batting: RHB T.J. Garrison
|
0-0: Foul Ball, location: 2F 0-1: Ball 1-1: Ball 2-1: Foul Ball, location: 2F 2-2: Strikes out swinging
|
Top of the 2nd over - 0 runs, 0 hits, 0 errors, 0 left on base; Eugene 0 - Salem-Keizer 3 |
BOTTOM OF THE 2ND |
Salem-Keizer Volcanoes batting - Pitching for Eugene Emeralds : RHP Jose Mata
|
Batting: RHB Matt Fabre
|
0-0: Ball 1-0: Ball 2-0: Ball 3-0: Base on Balls
|
Pitching: LHP Jerry Tyson
|
|
Batting: SHB Curtis Thompson
|
0-0: Called Strike 0-1: Called Strike 0-2: Ball 1-2: Ball 2-2: Strikes out swinging
|
Batting: LHB Joe Hoover
|
0-0: Swinging Strike 0-1: Ball 1-1: DOUBLE (Groundball, 3L, EV 101.2 MPH) Matt Fabre to third
|
Batting: LHB Tom Reynolds
|
0-0: Hit by Pitch
|
Batting: LHB Ben Radach
|
0-0: Ball 1-0: Ball 2-0: Foul Ball, location: 2F 2-1: Foul Ball, location: 2F 2-2: Ball 3-2: Fly out, F6 (Line Drive, 6, EV 70.6 MPH) Lined into DP, 6-5 (Line Drive, 6, EV 68.8 MPH)
|
Bottom of the 2nd over - 0 runs, 1 hit, 0 errors, 2 left on base; Eugene 0 - Salem-Keizer 3 |
TOP OF THE 3RD |
Eugene Emeralds batting - Pitching for Salem-Keizer Volcanoes : RHP Chong-hun Park
|
Batting: RHB Juan Lira
|
0-0: Foul Ball, location: 2F 0-1: Called Strike 0-2: Ball 1-2: Ball 2-2: Foul Ball, location: 2F 2-2: Strikes out swinging
|
Batting: RHB Rodolfo Perez
|
0-0: Ball 1-0: Called Strike 1-1: Ball 2-1: SINGLE (Groundball, 6, EV 98.1 MPH)
|
Batting: RHB Gustavo Rodriguez
|
0-0: Called Strike 0-1: Swinging Strike 0-2: Foul Ball, location: 2F 0-2: Strikes out swinging
|
Batting: RHB Hugo Torrez
|
0-0: Called Strike 0-1: Swinging Strike 0-2: Strikes out swinging
|
Top of the 3rd over - 0 runs, 1 hit, 0 errors, 1 left on base; Eugene 0 - Salem-Keizer 3 |
BOTTOM OF THE 3RD |
Salem-Keizer Volcanoes batting - Pitching for Eugene Emeralds : LHP Jerry Tyson
|
Batting: LHB Mike Sammons
|
0-0: Ball 1-0: Swinging Strike 1-1: Foul Ball, location: 2F 1-2: Ball 2-2: Ball 3-2: Base on Balls
|
Batting: RHB Mario Saez
|
0-0: Ball Mike Sammons steals 2nd base 1-0: Ball 2-0: Called Strike 2-1: Ball 3-1: Base on Balls
|
Pitching: RHP Victor de Leon
|
|
Batting: LHB Adrian Navarro
|
0-0: Called Strike 0-1: Ball 1-1: Foul Ball, location: 2F 1-2: 3-RUN HOME RUN (Flyball, 9D, EV 97.5 MPH), Distance : 374 ft
|
Batting: LHB Chris Raymond
|
0-0: Ball 1-0: Ball 2-0: Ball 3-0: Base on Balls
|
Batting: RHB Matt Fabre
|
0-0: Ball Chris Raymond steals 2nd base 1-0: Called Strike 1-1: Ball 2-1: Ball 3-1: Base on Balls
|
Batting: SHB Curtis Thompson
|
0-0: Ball 1-0: Swinging Strike 1-1: Ball 2-1: Ball 3-1: Called Strike 3-2: SINGLE (Groundball, 25, EV 73.1 MPH) (infield hit) Chris Raymond to third Matt Fabre to second
|
Pitching: LHP Alex Gandarilla
|
|
Batting: LHB Joe Hoover
|
0-0: TRIPLE (Line Drive, 9LD, EV 108.8 MPH) Chris Raymond scores Matt Fabre scores Curtis Thompson scores
|
Batting: LHB Tom Reynolds
|
0-0: Ball 1-0: Ball 2-0: Ball 3-0: Called Strike 3-1: Called Strike 3-2: SINGLE (Groundball, 34D, EV 95.0 MPH) Joe Hoover scores
|
Batting: LHB Ben Radach
|
0-0: Foul Ball, location: 2F 0-1: 2-RUN HOME RUN (Line Drive, 78XD, EV 111.9 MPH), Distance : 439 ft
|
Batting: LHB Mike Sammons
|
0-0: Called Strike 0-1: Ball 1-1: Ball 2-1: Ball 3-1: Base on Balls
|
Batting: RHB Mario Saez
|
0-0: Called Strike 0-1: Reached on error, E5 (Groundball, 5, EV 93.1 MPH) Mike Sammons to second
|
Batting: LHB Adrian Navarro
|
0-0: Ball 1-0: Ball 2-0: Ball 3-0: Called Strike 3-1: Called Strike 3-2: Base on Balls Mike Sammons to third Mario Saez to second
|
Batting: LHB Chris Raymond
|
0-0: Foul Ball, location: 2F 0-1: Grounds into double play, 5-4-3 (Groundball, 56S, EV 85.6 MPH) Mike Sammons scores Mario Saez to third
|
Batting: RHB Matt Fabre
|
0-0: Ball 1-0: Ball 2-0: Ball 3-0: Base on Balls
|
Batting: SHB Curtis Thompson
|
0-0: Swinging Strike 0-1: Foul Ball, location: 2F 0-2: Ball 1-2: Ball 2-2: Ball 3-2: Strikes out swinging
|
Bottom of the 3rd over - 10 runs, 5 hits, 1 error, 2 left on base; Eugene 0 - Salem-Keizer 13 |
TOP OF THE 4TH |
Eugene Emeralds batting - Pitching for Salem-Keizer Volcanoes : RHP Chong-hun Park
|
Batting: RHB Dustin Goldsborough
|
0-0: Called Strike 0-1: Swinging Strike 0-2: Strikes out swinging
|
Batting: RHB Jorge Lagunas
|
0-0: Ball 1-0: Ball 2-0: Foul Ball, location: 2F 2-1: Ground out 5-3 (Groundball, 56, EV 85.0 MPH)
|
Batting: RHB Bartolo Aguilar
|
0-0: Called Strike 0-1: Ball 1-1: Called Strike 1-2: Strikes out swinging
|
Top of the 4th over - 0 runs, 0 hits, 0 errors, 0 left on base; Eugene 0 - Salem-Keizer 13 |
BOTTOM OF THE 4TH |
Salem-Keizer Volcanoes batting - Pitching for Eugene Emeralds : LHP Alex Gandarilla
|
Batting: LHB Joe Hoover
|
0-0: Called Strike 0-1: Ground out 4-3 (Groundball, 4S, EV 86.9 MPH)
|
Batting: LHB Tom Reynolds
|
0-0: SINGLE (Groundball, 6MD, EV 100.0 MPH)
|
Batting: LHB Ben Radach
|
0-0: Ball 1-0: Ball 2-0: Ball 3-0: Called Strike 3-1: Called Strike 3-2: Foul Ball, location: 2F 3-2: Strikes out swinging
|
Batting: LHB Mike Sammons
|
0-0: Ball 1-0: Called Strike 1-1: Ball 2-1: Foul Ball, location: 2F 2-2: Foul Ball, location: 2F 2-2: Ball 3-2: Foul Ball, location: 2F 3-2: Foul Ball, location: 2F 3-2: Base on Balls Tom Reynolds to second
|
Batting: RHB Mario Saez
|
0-0: Ball 1-0: Foul Ball, location: 2F 1-1: Ball 2-1: Ball Wild Pitch! Tom Reynolds to third Mike Sammons to second 3-1: DOUBLE (Flyball, 78XD, EV 101.2 MPH) Tom Reynolds scores Mike Sammons scores
|
Batting: LHB Adrian Navarro
|
0-0: Called Strike 0-1: Ball 1-1: Called Strike 1-2: Foul Ball, location: 2F 1-2: Foul Ball, location: 2F 1-2: Ball 2-2: Foul Ball, location: 2F 2-2: Strikes out swinging
|
Bottom of the 4th over - 2 runs, 2 hits, 0 errors, 1 left on base; Eugene 0 - Salem-Keizer 15 |
TOP OF THE 5TH |
Eugene Emeralds batting - Pitching for Salem-Keizer Volcanoes : RHP Chong-hun Park
|
Batting: RHB Mike Larson
|
0-0: Called Strike 0-1: Ground out 6-3 (Groundball, 6, EV 83.8 MPH)
|
Batting: RHB T.J. Garrison
|
0-0: Foul Ball, location: 2F 0-1: Foul Ball, location: 2F 0-2: Ball 1-2: Ground out 3-1 (Groundball, 34, EV 106.2 MPH)
|
Batting: RHB Juan Lira
|
0-0: Ball 1-0: Called Strike 1-1: Called Strike 1-2: Strikes out looking
|
Top of the 5th over - 0 runs, 0 hits, 0 errors, 0 left on base; Eugene 0 - Salem-Keizer 15 |
BOTTOM OF THE 5TH |
Salem-Keizer Volcanoes batting - Pitching for Eugene Emeralds : LHP Alex Gandarilla
|
Batting: LHB Chris Raymond
|
0-0: TRIPLE (Line Drive, 7LD, EV 112.5 MPH)
|
Batting: RHB Matt Fabre
|
0-0: Ball 1-0: Ball 2-0: Ball 3-0: Called Strike 3-1: Swinging Strike 3-2: Foul Ball, location: 2F 3-2: Strikes out swinging
|
Batting: SHB Curtis Thompson
|
0-0: Foul Ball, location: 2F 0-1: TRIPLE (Flyball, 78XD, EV 108.1 MPH) Chris Raymond scores
|
Batting: LHB Joe Hoover
|
0-0: Foul Ball, location: 2F 0-1: Swinging Strike 0-2: Ball 1-2: Foul Ball, location: 2F 1-2: Ball 2-2: Ball 3-2: Foul Ball, location: 2F 3-2: Base on Balls
|
Batting: LHB Tom Reynolds
|
0-0: Ball 1-0: Ball 2-0: Foul Ball, location: 2F 2-1: Swinging Strike Passed Ball! Curtis Thompson scores Joe Hoover to second 2-2: Ball 3-2: Foul Ball, location: 2F 3-2: Base on Balls
|
Batting: LHB Ben Radach
|
0-0: Ball 1-0: Fly out, F8 (Flyball, 8LD, EV 98.8 MPH)
|
Batting: LHB Mike Sammons
|
0-0: Ball 1-0: Ball 2-0: Called Strike 2-1: 3-RUN HOME RUN (Flyball, 89XD, EV 103.1 MPH), Distance : 413 ft
|
Batting: RHB Mario Saez
|
0-0: Ball 1-0: Ball 2-0: Foul Ball, location: 2F 2-1: Ball 3-1: Called Strike 3-2: Base on Balls
|
Batting: LHB Adrian Navarro
|
0-0: SINGLE (Groundball, 4MS, EV 82.5 MPH) (infield hit) Mario Saez to second
|
Batting: LHB Chris Raymond
|
0-0: Ball 1-0: Fly out, F8 (Flyball, 89S, EV 91.9 MPH)
|
Bottom of the 5th over - 5 runs, 4 hits, 0 errors, 2 left on base; Eugene 0 - Salem-Keizer 20 |
TOP OF THE 6TH |
Eugene Emeralds batting - Pitching for Salem-Keizer Volcanoes : RHP Chong-hun Park
|
Batting: RHB Rodolfo Perez
|
0-0: Called Strike 0-1: Called Strike 0-2: Ball 1-2: Ball 2-2: Foul Ball, location: 2F 2-2: Strikes out swinging
|
Batting: RHB Gustavo Rodriguez
|
0-0: Ball 1-0: Ball 2-0: DOUBLE (Flyball, 7LD, EV 96.9 MPH)
|
Batting: RHB Hugo Torrez
|
0-0: Ball 1-0: Called Strike 1-1: Called Strike 1-2: Strikes out swinging
|
Batting: RHB Dustin Goldsborough
|
0-0: Ground out 5-3 (Groundball, 56S, EV 86.9 MPH)
|
Top of the 6th over - 0 runs, 1 hit, 0 errors, 1 left on base; Eugene 0 - Salem-Keizer 20 |
BOTTOM OF THE 6TH |
Salem-Keizer Volcanoes batting - Pitching for Eugene Emeralds : LHP Alex Gandarilla
|
Batting: RHB Matt Fabre
|
0-0: Ground out 1-3 (Groundball, 13S, EV 68.8 MPH)
|
Batting: SHB Curtis Thompson
|
0-0: Called Strike 0-1: Ground out 6-3 (Groundball, 6, EV 84.4 MPH)
|
Batting: LHB Joe Hoover
|
0-0: SINGLE (Line Drive, 56D, EV 96.2 MPH)
|
Batting: LHB Tom Reynolds
|
0-0: Ball 1-0: Called Strike 1-1: Ball 2-1: Ball 3-1: Base on Balls Joe Hoover to second
|
Batting: LHB Ben Radach
|
0-0: Ball 1-0: Called Strike 1-1: Ball 2-1: Called Strike 2-2: Ball 3-2: Base on Balls Joe Hoover to third Tom Reynolds to second
|
Batting: LHB Mike Sammons
|
0-0: Fly out, F8 (Flyball, 8RS, EV 81.2 MPH)
|
Bottom of the 6th over - 0 runs, 1 hit, 0 errors, 3 left on base; Eugene 0 - Salem-Keizer 20 |
TOP OF THE 7TH |
Eugene Emeralds batting - Pitching for Salem-Keizer Volcanoes : RHP Chong-hun Park
|
Batting: RHB Jorge Lagunas
|
0-0: Ball 1-0: Foul Ball, location: 2F 1-1: Called Strike 1-2: Strikes out looking
|
Batting: RHB Bartolo Aguilar
|
0-0: DOUBLE (Line Drive, 7LM, EV 111.9 MPH)
|
Batting: RHB Mike Larson
|
0-0: Called Strike 0-1: Ball 1-1: Ball Wild Pitch! Bartolo Aguilar to third 2-1: Swinging Strike 2-2: Strikes out looking
|
Batting: RHB T.J. Garrison
|
0-0: Ball 1-0: Ball Wild Pitch! Bartolo Aguilar scores 2-0: Swinging Strike 2-1: Ball 3-1: Foul Ball, location: 2F 3-2: Foul Ball, location: 2F 3-2: Strikes out looking
|
Top of the 7th over - 1 run, 1 hit, 0 errors, 0 left on base; Eugene 1 - Salem-Keizer 20 |
BOTTOM OF THE 7TH |
Salem-Keizer Volcanoes batting - Pitching for Eugene Emeralds : LHP Alex Gandarilla
|
Pinch Hitting: SHB Miguel Sierra
|
0-0: Called Strike 0-1: Ball 1-1: Ball 2-1: Ball 3-1: Base on Balls
|
Batting: LHB Adrian Navarro
|
0-0: TRIPLE (Flyball, 89XD, EV 100.0 MPH) Miguel Sierra scores
|
Batting: LHB Chris Raymond
|
0-0: Ball 1-0: Ball Wild Pitch! Adrian Navarro scores 2-0: Ball 3-0: Called Strike 3-1: Base on Balls
|
Pinch Hitting: RHB Robby Adair
|
0-0: SINGLE (Groundball, 34D, EV 97.5 MPH) Chris Raymond to second Runner from 2nd tries for 3rd, SAFE, throw by RF made to third
|
Pinch Hitting: RHB Tony Fernandez
|
0-0: Ball 1-0: Ball 2-0: Swinging Strike 2-1: Foul Ball, location: 2F 2-2: Strikes out swinging
|
Batting: LHB Joe Hoover
|
0-0: Foul Ball, location: 2F 0-1: Ball 1-1: Ball 2-1: Ball 3-1: Base on Balls Robby Adair to second
|
Batting: RHB Tony Harper
|
0-0: SINGLE (Line Drive, 4M, EV 96.9 MPH) Chris Raymond scores Robby Adair to third Joe Hoover to second
|
Batting: LHB Ben Radach
|
0-0: Ball 1-0: Ball 2-0: Ball 3-0: Called Strike 3-1: Base on Balls Robby Adair scores Joe Hoover to third Tony Harper to second
|
Batting: LHB Mike Sammons
|
0-0: Ball 1-0: Foul Ball, location: 2F 1-1: Called Strike 1-2: Strikes out swinging
|
Batting: SHB Miguel Sierra
|
0-0: Called Strike 0-1: Ball 1-1: Ball 2-1: Foul Ball, location: 2F 2-2: Foul Ball, location: 2F 2-2: Ball 3-2: Base on Balls Joe Hoover scores Tony Harper to third Ben Radach to second
|
Batting: LHB Adrian Navarro
|
0-0: Ball 1-0: Ball 2-0: Ball 3-0: Base on Balls Tony Harper scores Ben Radach to third Miguel Sierra to second
|
Batting: LHB Chris Raymond
|
0-0: Ground out 5-3 (Groundball, 56S, EV 71.9 MPH)
|
Bottom of the 7th over - 6 runs, 3 hits, 0 errors, 3 left on base; Eugene 1 - Salem-Keizer 26 |
TOP OF THE 8TH |
Eugene Emeralds batting - Pitching for Salem-Keizer Volcanoes : RHP Chong-hun Park
|
Pitching: RHP Joaquin Villalobos
|
|
Now at 2B: Jim Begger
|
|
Now at 3B: Robby Adair
|
|
Now in LF: Miguel Sierra
|
|
Batting: RHB Juan Lira
|
0-0: Called Strike 0-1: SINGLE (Groundball, 6D, EV 101.9 MPH)
|
Batting: RHB Rodolfo Perez
|
0-0: Sac Bunt to 2L - play at first, batter OUT! 2-3 Juan Lira to second
|
Batting: RHB Gustavo Rodriguez
|
0-0: Called Strike 0-1: Foul Ball, location: 2F 0-2: Ball 1-2: Strikes out looking
|
Batting: RHB Hugo Torrez
|
0-0: Ball 1-0: Foul Ball, location: 2F 1-1: Foul Ball, location: 2F 1-2: Strikes out swinging
|
Top of the 8th over - 0 runs, 1 hit, 0 errors, 1 left on base; Eugene 1 - Salem-Keizer 26 |
BOTTOM OF THE 8TH |
Salem-Keizer Volcanoes batting - Pitching for Eugene Emeralds : LHP Alex Gandarilla
|
Pinch Hitting: RHB Jeremy Bailey
|
0-0: Ball 1-0: Swinging Strike 1-1: Called Strike 1-2: Foul Ball, location: 2F 1-2: Foul Ball, location: 2F 1-2: Ball 2-2: Foul Ball, location: 2F 2-2: Strikes out swinging
|
Batting: RHB Jim Begger
|
0-0: Ball 1-0: Ground out 5-3 (Groundball, 56, EV 105.0 MPH)
|
Batting: LHB Joe Hoover
|
0-0: Foul Ball, location: 2F 0-1: Ball 1-1: Called Strike 1-2: Ball 2-2: Ball 3-2: Base on Balls
|
Batting: RHB Tony Harper
|
0-0: Called Strike 0-1: Ball 1-1: Fly out, F9 (Flyball, 89S, EV 95.0 MPH)
|
Bottom of the 8th over - 0 runs, 0 hits, 0 errors, 1 left on base; Eugene 1 - Salem-Keizer 26 |
TOP OF THE 9TH |
Eugene Emeralds batting - Pitching for Salem-Keizer Volcanoes : RHP Joaquin Villalobos
|
Now at 3B: Jordan Williams
|
|
Batting: RHB Dustin Goldsborough
|
0-0: Ball 1-0: Ball 2-0: Swinging Strike 2-1: Swinging Strike 2-2: Strikes out looking
|
Batting: RHB Jorge Lagunas
|
0-0: Ball 1-0: Foul Ball, location: 2F 1-1: Ball 2-1: Swinging Strike 2-2: Strikes out swinging
|
Batting: RHB Bartolo Aguilar
|
0-0: Ball 1-0: Ball 2-0: Ball 3-0: Called Strike 3-1: Foul Ball, location: 2F 3-2: Strikes out swinging
|
Top of the 9th over - 0 runs, 0 hits, 0 errors, 0 left on base; Eugene 1 - Salem-Keizer 26 |
|